 Dungeon Crawl Stone Soup version 0.31-a0-344-gd109795599 (webtiles) character file.

Game seed: 11582107158638484877

85 AdnanSaban the Trooper (level 4, -1/29 HPs)
             Began as a Gargoyle Fighter on July 22, 2023.
             Slain by an iguana (8 damage)
             ... on level 4 of the Dungeon.
             The game lasted 00:01:37 (2272 turns).

AdnanSaban the Trooper (Gargoyle Fighter)           Turns: 2272, Time: 00:01:40

Health: -1/29      AC: 10    Str: 21    XL:     4   Next: 48%
Magic:  4/4        EV:  9    Int:  9    God:
Gold:   124        SH:  4    Dex:  9    Spells: 3/3 levels left

rFire   . . .        a - +0 flail
rCold   . . .        c - +0 buckler
rNeg    + . .        b - +0 scale mail
rPois   ∞            (no helmet)
rElec   +            (no cloak)
rCorr   .            (no gloves)
SInv    .            (no boots)
Will    .....        (no amulet) Stlth
                     (no ring)
HPRegen 0.24/turn    (no ring)
MPRegen 0.09/turn

%: no passive effects
@: no status effects
A: sickness immunity, AC +3, negative energy resistance 1, electricity
resistance, torment resistance 1, petrification resistance
a: no special abilities


You were on level 4 of the Dungeon.
You visited 1 branch of the dungeon, and saw 4 of its levels.

You collected 124 gold pieces.

Inventory:

Hand Weapons
 a - a +0 flail (weapon)
Missiles
 f - 6 javelins (quivered)
Armour
 b - a +0 scale mail (worn)
 c - a +0 buckler (worn)
Scrolls
 j - a scroll of noise {unknown}
 k - a scroll of fog {unknown}
 l - a scroll of silence {unknown}
 n - a scroll of revelation {unknown}
 o - a scroll of fear {unknown}
 p - a scroll of vulnerability {unknown}
Potions
 d - a potion of might
 e - 2 potions of ambrosia {unknown}
 g - 2 potions of curing {unknown}
 h - 2 potions of heal wounds {unknown}
 i - 2 potions of magic {unknown}
 m - a potion of brilliance {unknown}


   Skills:
 + Level 3.9 Fighting
 + Level 3.2 Maces & Flails
 + Level 3.7 Armour
 + Level 0.3 Dodging
 + Level 3.7 Shields


You had 3 spell levels left.
You didn't know any spells.
Your spell library contained the following spells:

 Spells                   Type           Power      Damage    Failure   Level
 Magic Dart               Conj           0%         1d3       80%         1
 Call Imp                 Summ           0%         N/A       90%         2
 Mephitic Cloud           Conj/Pois/Air  0%         N/A       99%         3


Dungeon Overview and Level Annotations

Branches:
Dungeon (4/15)
 Temple: D:4-7

Altars:
Kikubaaqudgha

Shops:
D:2 [   D:3 :


Innate Abilities, Weirdness & Mutations

You are immune to sickness and miasma.
Your stone body is resilient. (AC +3)
You are immune to poison.
You resist negative energy. (rN+)
You are resistant to electric shocks. (rElec)
You are resistant to unholy torment.
You are immune to petrification.


Message History

You now have 115 gold pieces (gained 11).
You now have 124 gold pieces (gained 9).
Found an ancient bone altar of Kikubaaqudgha.
A goblin comes into view. It is wielding a +0 club.
A goblin is nearby!
You hit the goblin.
The goblin is moderately wounded.
You block the goblin's attack.
You closely miss the goblin.
The goblin is moderately wounded.
You block the goblin's attack.
You sock the goblin!
You kill the goblin!
No target in view!
No target in view!
No target in view!
No target in view!
No target in view!
No target in view!
No target in view!
p - a scroll labelled UNWYXT KOAR
Found an escape hatch in the ceiling.
No target in view!
There is an escape hatch in the ceiling here.
Found a stone staircase leading down.
There is a stone staircase leading down here.
An iguana comes into view.
Found a golden potion.
The iguana hisses angrily.
The iguana bites you.
You hit the iguana.
The iguana is moderately wounded.
The iguana bites you!
You hit the iguana but do no damage.
The iguana is moderately wounded.
The iguana bites you!
* * * LOW HITPOINT WARNING * * *
The iguana hisses menacingly.
The iguana bites you!
You die...

#.# #### #.# #...
#.# #.## #.# #.#
####.##########.#
#...............#
#.>..############
##.####.####
.....!.@.# ####
##.####l.!.....
#... ..######.
#.## ##.... #.#
#.# ##.##.###.#
#.# ..........#
#.# .§≈≈≈≈§≈..#
#.# ≈≈≈≈≈≈....#
####.##
≈§§....8..#
#......


You could see an iguana.

Vanquished Creatures
  2 adders (D:3)
  A worm (D:2)
  4 dart slugs
  5 orcs
  4 ball pythons
  6 endoplasms
  6 goblins
  2 hobgoblins
  5 kobolds
  3 quokkas (D:1)
  A bat (D:1)
  2 frilled lizards
  9 rats
50 creatures vanquished.

Notes
Turn   | Place    | Note
-------+----------+-------------------------------------------
     0 | D:1      | AdnanSaban the Gargoyle Fighter began the quest for the
                  | Orb.
     0 | D:1      | Reached XP level 1. HP: 14/14 MP: 1/1
   145 | D:1      | Reached XP level 2. HP: 19/19 MP: 2/2
   368 | D:1      | Reached XP level 3. HP: 17/23 MP: 3/3
  1025 | D:2      | Found Ekocw's Armour Boutique.
  1468 | D:3      | Reached XP level 4. HP: 29/29 MP: 4/4
  1469 | D:3      | Found Tisummuck's Book Emporium.
  2205 | D:4      | Found an ancient bone altar of Kikubaaqudgha.
  2272 | D:4      | Slain by an iguana

Illustrated notes

Levels and vault maps discovered:
D:1:      dpeg_arrival_ratfight, layout_basic
D:2:      layout_loops_ring, serial_shops, shop
D:3:      layout_basic, serial_shops, shop
D:4:      cheibrodos_barr_body, layout_loops_ring, mainiacjoe_overflow_catwalk

Skill      XL: |  1  2  3 |
---------------+----------+-----
Maces & Flails | 3 |  3.2
Fighting       | |  3.9
Armour         | |  3.7
Dodging        | |  0.3
Shields        | |  3.7

Action                     |  1- 3 |  4- 6 || total
---------------------------+-------+-------++-------
  Melee: Flail             |   113 |    37 ||   150
 Armour: Scale mail        |    56 |    17 ||    73
  Dodge: Dodged            |    48 |    13 ||    61
  Block: Buckler           |    26 |     8 ||    34

Table legend: (Time is in decaauts)
 A = Elapsed time spent in this place.
 B = Non-inter-level travel time spent in this place.
 C = Inter-level travel time spent in this place.
 D = Time resting spent in this place.
 E = Time spent auto-exploring this place.
 F = Levels seen in this place.
 G = Mean time per level.
                   A        B        C        D        E       F      G
               +--------+--------+--------+--------+--------+-----+--------+
         Total |   2318 |   2198 |    120 |     62 |   1758 |   4 |  579.5 |
       Dungeon |   2318 |   2198 |    120 |     62 |   1758 |   4 |  579.5 |
               +--------+--------+--------+--------+--------+-----+--------+

Top non-repeatable levels by time:
     D:3: 844 daAuts
     D:2: 748 daAuts
     D:1: 616 daAuts
     D:4: 109 daAuts
